 Dungeon Crawl Stone Soup version 0.30.1 (webtiles) character file.

Game seed: 12595526264070312494

1173 anacleto the Ruffian (level 8, -2/78 HPs)
             Began as a Troll Gladiator on July 9, 2023.
             Slain by a hornet (14 damage)
             ... on level 6 of the Dungeon.
             The game lasted 00:13:47 (5349 turns).

anacleto the Ruffian (Troll Gladiator)              Turns: 5349, Time: 00:13:48

Health: -2/78      AC:  5    Str: 25    XL:     8   Next: 18%
Magic:  7/7        EV: 10    Int:  4    God:
Gold:   156        SH:  0    Dex: 11    Spells: 7/7 levels left

rFire   . .          .
                       - Unarmed
rCold   . . .        (no shield)
rNeg    . . .        a - +0 robe
rPois   .            b - +0 hat
rElec   .            c - +0 cloak
rCorr   .            (gloves unavailable)
SInv    +            (boots unavailable)
Will    .....        (no amulet)
Stlth   +            v - ring of see invisible
HPRegen 1.13/turn    (no ring)
MPRegen 0.10/turn

%: no passive effects
@: lethally poisoned (-2 -> -7), slowed, very slow
A: large, unfitting armour, claws 3, regeneration 1, shaggy fur 1, tough skin 1
a: no special abilities


You were on level 6 of the Dungeon.
You visited 2 branches of the dungeon, and saw 8 of its levels.

You collected 288 gold pieces.
You spent 132 gold pieces at shops.

Inventory:

Missiles
 e - a throwing net (quivered)
 D - 4 poisoned darts
Armour
 a - a +0 robe (worn)
 b - a +0 hat (worn)
 c - a +0 cloak (worn)
Jewellery
 u - a ring of ice
 v - a ring of see invisible (left claw)
Wands
 o - a wand of polymorph (13)
 r - a wand of charming (7)
 s - a wand of roots (8)
Scrolls
 f - 3 scrolls of teleportation
 h - 2 scrolls of butterflies
 j - a scroll of enchant weapon
 k - a scroll of magic mapping {unknown}
 t - a scroll of enchant armour {unknown}
 w - a scroll of fear {unknown}
 y - a scroll of poison {unknown}
 B - a scroll of identify
 E - a scroll of acquirement {unknown}
 F - a scroll of blinking {unknown}
Potions
 g - 2 potions of flight
 i - a potion of magic {unknown}
 l - a potion of ambrosia {unknown}
 m - a potion of invisibility {unknown}
 n - a potion of berserk rage {unknown}
 p - 4 potions of curing
 q - 2 potions of mutation {unknown}
 x - a potion of lignification
 z - a potion of cancellation {unknown}
 A - a potion of degeneration {unknown}
 C - 2 potions of might
 G - a potion of heal wounds


   Skills:
 + Level 4.2 Fighting
 + Level 4.7 Throwing
 - Level 2.4 Dodging
 * Level 7.6 Unarmed Combat


You had 7 spell levels left.
You didn't know any spells.
Your spell library contained the following spells:

 Spells                   Type           Power      Damage    Failure   Level
 Kiss of Death            Conj/Necr      0%         2d5       50%         1
 Shock                    Conj/Air       0%         1d3       50%         1
 Portal Projectile        Hex/Tloc       0%         N/A       86%         3
 Swiftness                Air            0%         N/A       86%         3
 Tukima's Dance           Hex            0%         N/A       86%         3
 Airstrike                Air            0%         2d(0-16)  99%         4
 Blade Hands              Tmut           0%         N/A       100%        5


Dungeon Overview and Level Annotations

Branches:
Dungeon (7/15)             Temple (1/1) D:5

Altars:
Ashenzari
Cheibriados
Dithmenos
Elyvilon
Fedhas
Gozag
Hepliaklqana
Kikubaaqudgha
Makhleb
Nemelex Xobeh
Okawaru
Ru
Sif Muna
Trog
Uskayaw
Vehumet
Xom
Yredelemnul
Zin
The Shining One

Shops:
D:3 !


Innate Abilities, Weirdness & Mutations

You are too large for most types of armour.
You have claws for hands.
Your natural rate of healing is unusually fast.
You are covered in fur. (AC +1)
You have tough skin. (AC +1)


Message History

Throw: 6 darts (poison)
Press: ? - help, Q - select action, (/) - cycle Shift-Dir - straight line, f/p - hornet
Aim: a hornet (46% to hit)
You throw a poisoned dart. The poisoned dart hits the hornet!
The hornet is poisoned.
Throw: 5 darts (poison)
Press: ? - help, Q - select action, (/) - cycle Shift-Dir - straight line, f/p - hornet
Aim: a hornet (lightly wounded, very poisoned, 46% to hit)
You throw a poisoned dart.
The poisoned dart closely misses the hornet.
The hornet stings you.
You feel yourself slow down. The hornet stings you.
You feel as though you will be slow longer.
You climb upwards.
There is a stone staircase leading down here.
Throw: large rock
Press: ? - help, Q - select action, (/) - cycle Shift-Dir - straight line, f - hornet
Aim: a hornet (moderately wounded, very poisoned, 46% to hit)
You throw a large rock.
The large rock barely misses the hornet.
The hornet stings you!
You are poisoned.
You suddenly lose the ability to move!
The hornet stings you!
You feel as though you will be slow longer.
The hornet stings you!
You feel as though you will be slow longer.
You can move again.
You feel very sick. The hornet stings you!
* * * LOW HITPOINT WARNING * * *
You feel as though you will be slow longer.
The hornet stings you but does no damage.
The hornet stings you!
* * * LOW HITPOINT WARNING * * *
You feel as though you will be slow longer.
You feel much better.
You feel sick. The hornet stings you!
* * * LOW HITPOINT WARNING * * *
You are more poisoned.
You feel as though you will be slow longer.
The hornet stings you!
You die...

#.# ##.###..###...#####...#####.
#.# #.# #..# ##......#####.....
#.# #.# #..# ######.......##..
#.# #.# #..# ##..########.#
#.#####.###))#######.#.########.#
#......#..)<........###.........#
##.####.####..#.####.#.########.#
#.# #.# #..#.#####.###### #.#
##.# #.## #(..y@..........####.#
...# #..# ##..#######...........
.#### ##.# #...........##.#####.
.##.## #.# #...#####...#..####.#
.#.#.###.# #...# ##.......)....#
..###.##.# #...###..###'###)##.#
)## ##.[.# #........# #.# #.###.
..###.#### #.#.###..###.###.# #.
.#.#.## #.#.# #..'.._###.# #.


You could see a hornet (poisoned).

Vanquished Creatures
  2 ice beasts (D:6)
  A centaur (D:6)
  A jelly (D:4)
  2 orc priests
  5 hounds
  A sleepcap (D:6)
  4 iguanas (D:5)
  Ijyb (D:5)
  8 orc wizards
  Robin (D:3)
  4 gnolls (D:4)
  14 adders
  A white imp (D:5)
  3 worms
  A dart slug (D:1)
  11 orcs
  10 bats
  11 endoplasms
  3 giant cockroaches
  17 goblins
  18 hobgoblins
  3 jackals (D:3)
  9 kobolds
  5 quokkas
  7 ball pythons
  A frilled lizard (D:1)
  7 rats
151 creatures vanquished.

Notes
Turn   | Place    | Note
-------+----------+-------------------------------------------
     0 | D:1      | anacleto the Troll Gladiator began the quest for the Orb.
     0 | D:1      | Reached XP level 1. HP: 19/19 MP: 0/0
    52 | D:1      | Reached XP level 2. HP: 28/28 MP: 1/1
   583 | D:1      | Reached XP level 3. HP: 35/35 MP: 2/2
   914 | D:1      | Found a faded altar of an unknown god.
  1000 | D:2      | Reached skill level 4 in Unarmed Combat
  1066 | D:2      | Reached XP level 4. HP: 36/42 MP: 3/3
  1454 | D:2      | Found a hide-covered altar of Uskayaw.
  1777 | D:3      | Reached XP level 5. HP: 47/50 MP: 4/4
  1976 | D:3      | Noticed Robin
  1985 | D:3      | Killed Robin
  2224 | D:3      | Found Darrux's Distillery.
  2231 | D:3      | Bought a potion of heal wounds for 55 gold pieces
  2231 | D:3      | Bought a potion of curing for 33 gold pieces
  2231 | D:3      | Bought a potion of might for 44 gold pieces
  2327 | D:3      | Noticed a centaur
  2436 | D:3      | Reached skill level 5 in Unarmed Combat
  2844 | D:4      | Found a shimmering altar of Xom.
  2879 | D:4      | Reached XP level 6. HP: 50/59 MP: 5/5
  3026 | D:4      | Found a shadowy altar of Dithmenos.
  3480 | D:5      | Entered Level 5 of the Dungeon
  3509 | D:5      | Identified the +12 dagger "Ytuiclam" {flame, rElec Dex+7}
  3567 | D:5      | Noticed Ijyb
  3576 | D:5      | Killed Ijyb
  3577 | D:5      | Reached skill level 6 in Unarmed Combat
  3641 | D:5      | Reached XP level 7. HP: 67/67 MP: 6/6
  3715 | D:5      | Found a staircase to the Ecumenical Temple.
  3723 | Temple   | Entered the Ecumenical Temple
  4142 | D:5      | Found a shimmering blue altar of Sif Muna.
  4170 | D:5      | Got Sif Muna's Book of Resurrection
  4303 | D:6      | Identified the +0 ring mail of Gozag's Righteous Fury {rC+
                  | Regen+}
  4382 | D:6      | Reached skill level 7 in Unarmed Combat
  4430 | D:6      | Found a sacrificial altar of Ru.
  4441 | D:6      | Reached XP level 8. HP: 74/78 MP: 7/7
  4633 | D:6      | Found a glowing golden altar of the Shining One.
  4633 | D:6      | Found a white marble altar of Elyvilon.
  4634 | D:6      | Found a glowing silver altar of Zin.
  4660 | D:6      | Found an iron altar of Okawaru.
  5341 | D:7      | Noticed a hornet
  5347 | D:6      | Paralysed by a hornet for 2 turns
  5348 | D:6      | HP: 2/78 [hornet (13)]
  5349 | D:6      | Slain by a hornet

Illustrated notes

Levels and vault maps discovered:
D:1:      doesnt_arrival_eight_statues, layout_basic, serial_forest,
          infiniplex_forest_clump_tiny, infiniplex_forest_clump_double,
          infiniplex_forest_lined_4_way, infiniplex_forest_diagonal,
          shapermc_ecumenical_altar_mp_vishouse, hex_tiny, minmay_tromino_v7
D:2:      wad_pebble_path, layout_loops_ring, basic_altar,
          minmay_indecisive_spiral
D:3:      layout_basic, serial_shops, shop, lightli_corner_chamber, uniq_robin
D:4:      layout_gridville, mainiacjoe_overflow_paths,
          nicolae_dithmenos_through_a_glass_darkly, serial_glass,
          glass_columns_a, glass_columns_a
D:5:      layout_basic, led_sif_book, minmay_temple_entry_stoned_glass,
          minmay_tree_intersection, minivault_4, uniq_ijyb
D:6:      layout_loops_ring, good_gods_mini_temple, lemuel_doored_altar,
          mainiacjoe_overflow_surrounded_room
D:7:      layout_loops_cross, minmay_misc_feat_encased
Temple:   hellmonk_temple_forest_ring

Skill      XL: |  1  2  3  4  5  6  7 |
---------------+----------------------+-----
Throwing       | 2 3 4 |  4.7
Fighting       | 2 3 4 |  4.2
Unarmed Combat | 4 5 6 7 |  7.6
Dodging        | |  2.4

Action                     |  1- 3 |  4- 6 |  7- 9 || total
---------------------------+-------+-------+-------++-------
  Melee: Unarmed           |   100 |   191 |   100 ||   391
         Punch             |     1 |     8 |     3 ||    12
  Throw: Throwing net      |       |     8 |       ||     8
         Large rock        |       |     6 |     1 ||     7
         Dart              |       |       |     4 ||     4
  Evoke: Wand              |       |       |     1 ||     1
    Use: Scroll            |       |     5 |       ||     5
         Potion            |       |     2 |     4 ||     6
   Stab: Sleeping          |     1 |     1 |       ||     2
 Armour: Robe              |    49 |    65 |    39 ||   153
  Dodge: Dodged            |    50 |    95 |    39 ||   184
